Map: Dash and Terminal LE (Void)

Players

Swaghar

  • Race: Protoss Protoss
  • League: Bronze

wabbajack - Winner!

  • Race: Zerg Zerg
  • League: Bronze

VOD

Have the link to the VOD?

Description

Time

  • Played on: July 16, 2015, 5:40 p.m.
  • Length: 14:14
Show
View Real Time Build Order
Export as new Build Order

Swaghar Protoss 

Build Orders: 1 Gate Expand 

Get SALT Encoding   

  12  0:01  Probe  
  13  0:15  Pylon  
  13  0:19  Probe  
  14  0:33  Probe (Chrono Boost)  
  15  0:41  Gateway  
  16  0:43  Probe (Chrono Boost)  
  16  0:50  Probe  
  17  1:02  Probe  
  18  1:15  Probe  
  19  1:23  Nexus  
  19  1:29  Pylon  
  19  1:34  Assimilator  
  19  1:39  Assimilator  
  19  1:50  Cybernetics Core  
  19  1:52  Probe (Chrono Boost)  
  20  2:03  Probe (Chrono Boost)  
  21  2:09  Probe (Chrono Boost)  
  22  2:21  Probe  
  23  2:27  Warp Gate  
  23  2:34  Mothership Core (Chrono Boost)  
  25  2:38  Forge  
  25  2:44  Gateway  
  25  2:51  Probe (Chrono Boost)  
  26  2:55  Probe (Chrono Boost)  
  26  2:58  Sentry  
  29  3:01  Probe (Chrono Boost)  
  29  3:03  Probe (Chrono Boost)  
  31  3:08  Gateway  
  31  3:11  Protoss Ground Weapons Level 1 (Chrono Boost)  
  31  3:17  Probe  
  32  3:25  Probe  
  33  3:29  Probe  
  33  3:32  Sentry  
  36  3:35  Stalker  
  36  3:37  Assimilator  
  38  3:41  Pylon  
  38  3:42  Probe  
  38  3:43  Probe  
  40  3:54  Probe  
  41  3:59  Probe  
  42  4:06  Probe  
  43  4:13  Probe (Chrono Boost)  
  44  4:19  Probe (Chrono Boost)  
  44  4:20  Nexus  
  46  4:25  Probe (Chrono Boost)  
  46  4:28  Probe (Chrono Boost)  
  46  4:30  Twilight Council  
  47  4:32  Sentry  
  47  4:33  Sentry  
  45  4:42  Probe  
  35  4:52  Probe  
  23  5:14  Probe x2 (Chrono Boost)  
  24  5:23  Sentry  
  24  5:24  Stalker, Probe x2 (Chrono Boost)  
  30  5:31  Probe x2  
  32  5:36  Probe  
  33  5:43  Probe  
  33  5:46  Probe  
  35  6:17  Probe  
  35  6:18  Probe  
  33  6:30  Probe x3  
  34  6:35  Stalker  
  34  6:36  Stalker  
  34  6:37  Zealot  
  40  6:42  Probe x3  
  44  6:54  Probe x2 (Chrono Boost)  
  44  6:55  Probe (Chrono Boost)  
  46  7:06  Probe x2 (Chrono Boost)  
  46  7:07  Probe (Chrono Boost)  
  49  7:11  Sentry, Stalker  
  49  7:13  Probe (Chrono Boost)  
  49  7:14  Probe x2 (Chrono Boost)  
  58  7:23  Probe (Chrono Boost)  
  58  7:24  Probe (Chrono Boost)  
  58  7:25  Probe (Chrono Boost)  
  59  7:31  Probe x3 (Chrono Boost)  
  62  7:40  Probe  
  62  7:41  Probe  
  64  7:46  Probe  
  64  7:49  Pylon  
  65  7:52  Probe  
  65  7:57  Assimilator  
  66  7:59  Pylon  
  66  8:05  Pylon  
  66  8:06  Blink (Chrono Boost)  
  66  8:07  Probe x2  
  66  8:09  Stalker  
  66  8:10  Stalker  
  66  8:11  Stalker  
  74  8:17  Probe  
  75  8:24  Probe  
  75  8:26  Protoss Ground Weapons Level 2 (Chrono Boost)  
  76  8:33  Probe  
  77  8:34  Stalker x2, Robotics Facility  
  77  8:38  Stalker  
  83  8:46  Probe x2 (Chrono Boost)  
  83  8:47  Probe (Chrono Boost)  
  86  8:55  Pylon  
  88  8:56  Probe (Chrono Boost)  
  88  8:57  Probe (Chrono Boost), Pylon  
  88  9:00  Assimilator  
  88  9:02  Pylon  
  88  9:03  Assimilator  
  77  9:14  Stalker x2  
  77  9:15  Stalker  
  82  9:22  Probe  
  83  9:25  Observer  
  83  9:29  Probe x2  
  86  9:34  Probe  
  87  9:41  Stalker, Probe x2  
  87  9:42  Stalker x2  
  95  9:50  Probe  
  95  9:51  Photon Cannon  
  96  9:54  Probe  
  95  10:11  Stalker x3  
  101  10:15  Probe  
  101  10:16  Robotics Bay  
  101  10:19  Mothership Core  
  104  10:27  Gateway  
  104  10:29  Gateway  
  104  10:32  Gateway  
  104  10:34  Sentry, Pylon  
  104  10:35  Stalker, Sentry  
  108  10:37  Probe  
  108  10:38  Probe  
  112  10:45  Probe  
  101  11:02  Stalker x3  
  101  11:04  Pylon  
  101  11:08  Probe  
  102  11:14  Nexus  
  102  11:17  Pylon  
  105  11:18  Disruptor (Chrono Boost)  
  105  11:23  Probe x2  
  107  11:26  Mothership Core  
  107  11:28  Protoss Ground Weapons Level 3 (Chrono Boost)  
  107  11:30  Stalker x3  
  107  11:31  Stalker  
  117  11:35  Stalker  
  117  11:36  Stalker  
  121  11:43  Probe x2  
  123  11:47  Probe  
  127  11:56  Stalker x2, Zealot x2  
  127  11:59  Disruptor (Chrono Boost)  
  135  12:02  Disruptor, Pylon  
  135  12:08  Pylon  
  135  12:15  Stalker  
  137  12:16  Probe  
  138  12:25  Pylon  
  78  12:47  Stalker x5  
  78  12:48  Stalker  
  81  13:02  Probe x3  
  84  13:06  Gateway  
  84  13:08  Probe  
  84  13:09  Gateway  
  84  13:12  Gateway  
  85  13:14  Gateway  
  85  13:15  Stargate  
  85  13:17  Probe x2  
  85  13:18  Stargate  
  87  13:20  Stargate  
  87  13:21  Stalker  
  87  13:22  Stalker, Stargate  
  94  13:30  Probe x2  
  94  13:31  Disruptor (Chrono Boost)  
  94  13:33  Assimilator  
  94  13:34  Probe  
  97  13:35  Probe  
  97  13:36  Assimilator  
  98  13:42  Mothership Core  
  100  13:48  Probe  
  100  13:50  Stalker  
  100  13:51  Stalker x4  
Show
View Real Time Build Order
Export as new Build Order

wabbajack Zerg - Winner!

Build Orders: Hatch First 

Get SALT Encoding   

  12  0:01  Drone  
  13  0:16  Overlord  
  13  0:22  Drone  
  13  0:27  Extractor  
  13  0:28  Drone, Extractor  
  14  0:29  Drone  
  16  0:38  Drone  
  17  0:59  Hatchery, Drone  
  17  1:02  Extractor  
  16  1:10  Drone  
  17  1:14  Drone  
  18  1:21  Spawning Pool  
  18  1:23  Drone  
  18  1:31  Drone  
  19  1:52  Overlord  
  19  1:59  Drone  
  20  2:10  Queen  
  20  2:11  Queen  
  20  2:15  Drone x2  
  26  2:16  Metabolic Boost  
  26  2:30  Drone  
  26  2:31  Drone x2  
  29  2:40  Baneling Nest  
  29  2:43  Zergling x4  
  29  2:44  Zergling x2  
  31  2:57  Zergling x4  
  33  2:59  Zergling x2  
  34  3:16  Overlord x2  
  34  3:17  Drone  
  35  3:24  Spine Crawler  
  34  3:27  Spore Crawler  
  34  3:29  Drone x3  
  36  3:36  Baneling x2  
  36  3:41  Baneling x2  
  36  3:48  Drone x7  
  37  3:49  Drone  
  44  4:19  Hatchery  
  42  4:43  Roach Warren, Drone  
  42  4:45  Overlord x3  
  40  4:48  Queen  
  40  4:50  Lair  
  41  4:54  Evolution Chamber  
  41  4:55  Drone x2  
  41  4:56  Drone x4, Extractor  
  41  4:57  Drone x6  
  49  5:27  Extractor x2  
  47  5:38  Zerg Missile Weapons Level 1  
  47  5:45  Drone x3  
  47  5:46  Drone x2  
  47  5:47  Drone x2  
  47  5:49  Drone  
  55  5:53  Extractor  
  55  5:55  Extractor  
  53  6:01  Roach x5  
  53  6:02  Roach x8  
  79  6:30  Drone x2  
  79  6:31  Drone  
  82  6:34  Overlord x5  
  82  6:35  Overlord  
  82  6:40  Glial Reconstitution  
  82  6:41  Hydralisk Den  
  81  6:57  Pneumatized Carapace  
  81  7:06  Zergling x4  
  81  7:07  Zergling x2  
  84  7:13  Muscular Augments  
  84  7:31  Hydralisk x4  
  84  7:32  Hydralisk x6  
  84  7:35  Hatchery  
  103  7:37  Zerg Missile Weapons Level 2  
  103  7:40  Hatchery  
  102  7:44  Drone x4  
  102  7:47  Drone  
  107  8:04  Overlord x2  
  107  8:12  Evolution Chamber  
  106  8:13  Drone x2  
  106  8:14  Drone x4  
  106  8:17  Overlord x3  
  112  8:27  Infestation Pit  
  112  8:29  Spire, Baneling x2  
  112  8:33  Baneling  
  110  9:07  Spine Crawler  
  110  9:09  Spine Crawler  
  106  9:10  Spore Crawler  
  106  9:16  Drone x4, Spine Crawler  
  106  9:17  Drone x2  
  110  9:18  Hydralisk x5, Roach x2  
  110  9:19  Roach x3  
  110  9:20  Spine Crawler  
  128  9:31  Zergling x6  
  131  9:40  Drone  
  131  9:41  Drone x5  
  131  9:42  Drone x3  
  131  9:43  Drone x2  
  142  9:57  Queen x2  
  142  9:59  Drone x5  
  151  10:01  Lurker Den  
  139  10:17  Zerg Ground Armor Level 1  
  139  10:18  Zerg Melee Weapons Level 1  
  139  10:23  Hive  
  139  10:28  Drone x3  
  141  10:30  Drone x3  
  141  10:32  Drone x3  
  141  10:33  Drone x2  
  150  10:44  Zerg Flyer Weapons Level 1  
  122  11:06  Hydralisk x5, Roach  
  122  11:07  Hydralisk x3, Roach x6  
  122  11:08  Roach x3  
  158  11:27  Extractor  
  158  11:29  Extractor  
  158  11:30  Extractor x2  
  158  11:31  Overlord x3  
  154  11:39  Mutalisk x8  
  156  11:40  Mutalisk x2  
  174  11:52  Mutalisk x11  
  174  11:53  Mutalisk  
  198  11:56  Overlord  
  198  11:59  Overseer x2  
  198  12:00  Overseer  
  198  12:21  Spine Crawler  
  198  12:22  Spore Crawler x2, Spine Crawler  
  195  12:23  Drone x6  
  151  12:50  Corruptor x4, Greater Spire  
  151  12:51  Corruptor x4  
  165  13:03  Zergling x2  
  165  13:04  Zergling x48  
  165  13:05  Zergling x8  
  192  13:40  Hatchery, Overlord  
  191  13:42  Hatchery  
Tags
 
Add a new tag
Caveats
  • Supply blocks, unpowered buildings, or Contaminate may cause inaccurate times.
  • Supply counts are checked every 10 seconds.